 Dungeon Crawl Stone Soup version 0.21.1-1-g345015fe64 (webtiles) character file.

77 Kohma the Shield-Bearer (level 4, -3/40 HPs)
             Began as a Minotaur Fighter on June 28, 2018.
             Slain by Artool's ghost (8 damage)
             ... on level 3 of the Dungeon.
             The game lasted 00:05:42 (1809 turns).

Kohma the Shield-Bearer (Minotaur Fighter)          Turns: 1809, Time: 00:05:43

Health: -3/40      AC:  7    Str: 22    XL:     4   Next: 13%
Magic:  3/3        EV:  7    Int:  5    God:
Gold:   153        SH:  9    Dex:  9    Spells: 3/3 levels left

rFire    . . .     SeeInvis .   a - +0 war axe
rCold    . . .     Gourm    .   c - +0 shield
rNeg     . . .     Faith    .   b - +0 scale mail
rPois    .         Spirit   .   (helmet restricted)
rElec    .         Reflect  .   (no cloak)
rCorr    .         Harm     .   (no gloves)
MR       .....                  (no boots)
Stlth    ..........             (no amulet)
HPRegen  0.13/turn              (no ring)
MPRegen  0.08/turn              (no ring)

@: no status effects
A: retaliatory headbutt, horns 2
a: no special abilities


You were on level 3 of the Dungeon.
You were not hungry.

You visited 1 branch of the dungeon, and saw 3 of its levels.

You collected 153 gold pieces.

Inventory:

Hand Weapons
 a - a +0 war axe (weapon)
 o - a +1 hunting sling of flaming
Missiles
 e - 51 stones (quivered)
 t - 8 javelins
Armour
 b - a +0 scale mail (worn)
 c - a +0 shield (worn)
Jewellery
 p - an uncursed amulet of regeneration {unknown}
 u - an uncursed ring of ice {unknown}
Scrolls
 g - a scroll of noise {unknown}
 j - a scroll of teleportation {unknown}
 k - 2 scrolls of remove curse {unknown}
 m - a scroll of magic mapping {unknown}
 n - a scroll of identify {unknown}
 s - a scroll of amnesia {unknown}
Potions
 d - a potion of might
 i - 2 potions of curing {unknown}
 l - 2 potions of flight {unknown}
 q - a potion of cancellation {unknown}
 r - 2 potions of mutation {unknown}
Comestibles
 f - 7 rations
 h - 8 chunks of flesh


   Skills:
 + Level 4.1 Fighting
 * Level 3.6 Axes
 + Level 4.1 Armour
 * Level 4.6 Shields


You had 3 spell levels left.
You didn't know any spells.

Dungeon Overview and Level Annotations

Branches:
Dungeon (3/15)

Altars:
Dithmenos
Gozag
Nemelex Xobeh

Shops:
D:2 *

Annotations:
D:2 exclusion: downstairs
D:3 Artool's ghost, amateur DsGl


Innate Abilities, Weirdness & Mutations

You reflexively headbutt those who attack you in melee.
You have a pair of horns on your head.


Message History

You kill the frilled lizard!
Artool's ghost barely misses you. You furiously retaliate!
You headbutt Artool's ghost, but do no damage.
You hit Artool's ghost.
Artool's ghost is moderately damaged.
You block Artool's ghost's attack.
You hit Artool's ghost.
Artool's ghost is moderately damaged.
You barely miss the worm. Artool's ghost hits you. The worm bites you!
You hit the worm.
The worm is moderately wounded.
You closely miss Artool's ghost. Artool's ghost hits you! The worm bites you.
* * * LOW HITPOINT WARNING * * *
Artool's ghost hits you.
* * * LOW HITPOINT WARNING * * *
You see here a frilled lizard corpse.
Found 11 gold pieces.
You see here 11 gold pieces.
Artool's ghost hits you!
You die...

###.###.##.# #.#
#.# #.## #.#
#.##.####.####.#
.# ...
#.##.#.†.).....#
..
..##.#.##.#..###
.###.#w##.#..#
#.##.#..#
#.##.#..#
#.##.#..######
#K##.@........
#.####W.######
#.##.####K.#####
#....$...........
###.#.###########
..###. ### ##


You could see Artool's ghost and a kobold.

Vanquished Creatures
  An adder (D:3)
  2 worms (D:2)
  A dart slug (D:2)
  4 leopard geckos
  2 orcs (D:3)
  2 ball pythons
  9 bats
  A giant cockroach (D:3)
  8 goblins
  8 hobgoblins
  4 frilled lizards
  4 kobolds
  6 rats
52 creatures vanquished.

Notes
Turn   | Place    | Note
-------+----------+-------------------------------------------
     0 | D:1      | Kohma the Minotaur Fighter began the quest for the Orb.
     0 | D:1      | Reached XP level 1. HP: 19/19 MP: 0/0
   175 | D:1      | Reached XP level 2. HP: 25/27 MP: 1/1
   528 | D:2      | Found a sparkling altar of Nemelex Xobeh.
   683 | D:2      | Reached XP level 3. HP: 33/33 MP: 2/2
   764 | D:2      | Found a shadowy altar of Dithmenos.
   973 | D:2      | Found Gozag's Platinum Reserve.
  1007 | D:2      | Found an opulent altar of Gozag.
  1174 | D:3      | Noticed Artool's ghost (amateur DsGl)
  1687 | D:3      | Reached XP level 4. HP: 38/40 MP: 3/3
  1809 | D:3      | Slain by Artool's ghost

Skill      XL: |  1  2  3 |
---------------+----------+-----
Shields        | 4 |  4.6
Axes           | 3 |  3.6
Fighting       | 4 |  4.1
Armour         | 4 |  4.1

Action                   |  1- 3 |  4- 6 || total
-------------------------+-------+-------++-------
Melee: War axe           |    95 |    14 ||   109
       Headbutt          |    13 |     2 ||    15
  Eat: Chunk             |     3 |       ||     3
Armor: Scale mail        |    37 |     6 ||    43
Dodge: Dodged            |    30 |     7 ||    37
Block: Shield            |    54 |    15 ||    69
